 Dungeon Crawl Stone Soup version 0.28-a0-1447-ga5a8893891 (webtiles) character file.

Game seed: 5942398459610715800

297 Sabo the Destroyer (level 6, -4/32 HPs)
             Began as a Tengu Conjurer on Jan 11, 2022.
             Was an Initiate of Yredelemnul.
             Killed by divine providence
             ... invoked by an orc priest
              (12 damage)
             ... on level 3 of the Dungeon.
             The game lasted 00:21:00 (3172 turns).

Sabo the Destroyer (Tengu Conjurer)                 Turns: 3172, Time: 00:21:03

Health: -4/32      AC:  2    Str:  7    XL:     6   Next: 35%
Magic:  5/11       EV: 15    Int: 21    God:    Yredelemnul [......]
Gold:   54         SH:  0    Dex: 12    Spells: 10/11 levels left

rFire   . . .      SeeInvis .   e - +2 dagger (elec)
rCold   . . .      Faith    .   (no shield)
rNeg    . . .      Spirit   .   m - +0 robe
rPois   .          Reflect  .   (helmet restricted)
rElec   .          Harm     .   (no cloak)
rCorr   +          Rampage  .   (no gloves)
Will    .....                   (boots unavailable)
Stlth   ++........              (no amulet)
HPRegen 0.10/turn               p - ring of resist corrosion
MPRegen 0.12/turn               (no ring)

@: flying quickly and evasively, quick
A: beak, talons 3, nimble flight
a: Renounce Religion, Recall Undead Harvest


You were on level 3 of the Dungeon.
You worshipped Yredelemnul.
Yredelemnul was noncommittal.
You visited 1 branch of the dungeon, and saw 3 of its levels.

You collected 54 gold pieces.

Inventory:

Hand Weapons
 e - a +2 dagger of electrocution (weapon)
 j - a +1 short sword of venom
Missiles
 n - 28 bolts
 o - 24 arrows
Armour
 m - a +0 robe (worn)
Jewellery
 p - a ring of resist corrosion (left hand)
Scrolls
 a - a scroll of magic mapping {unknown}
 d - a scroll of immolation {unknown}
 g - a scroll of identify {unknown}
 h - a scroll of silence {unknown}
 k - 2 scrolls of teleportation
 l - a scroll of enchant armour {unknown}
Potions
 b - a potion of degeneration {unknown}
 c - 3 potions of curing
 f - 3 potions of flight {unknown}
 i - a potion of mutation {unknown}


   Skills:
 + Level 0.1 Fighting
 + Level 0.7 Short Blades
 + Level 2.8 Dodging
 + Level 2.5 Stealth
 + Level 3.2 Spellcasting
 + Level 8.3 Conjurations


You had 10 spell levels left.
You knew the following spells:

 Your Spells              Type           Power      Damage    Failure   Level
a - Magic Dart            Conj           100%       1d8       1%          1

Your spell library contained the following spells:

 Spells                   Type           Power      Damage    Failure   Level
 Searing Ray              Conj           76%        2d7       1%          2
 Dazzling Flash           Conj/Hex       40%        N/A       7%          3
 Sublimation of Blood     Necr           3%         N/A       21%         2
 Wereblood                Tmut           3%         N/A       21%         2
 Fulminant Prism          Conj/Hex       10%        3d9       24%         4
 Iskenderun's Mystic Bla  Conj/Tloc      20%        2d6       24%         4
 Portal Projectile        Hex/Tloc       6%         N/A       36%         3
 Blade Hands              Tmut           1%         N/A       98%         5
 Excruciating Wounds      Necr           1%         N/A       98%         5
 Summon Hydra             Summ           1%         N/A       100%        7


Dungeon Overview and Level Annotations

Branches:
Dungeon (3/15)

Altars:
Hepliaklqana
Yredelemnul
The Shining One


Innate Abilities, Weirdness & Mutations

You have a beak for a mouth.
You have claws for feet.
Your magical nature lets you fly swiftly and evasively.


Message History

Your rat zombie closely misses the orc priest.
Casting: Magic Dart (safe; 1% risk of failure)
Confirm with . or Enter, or press ? or * to list all spells.
Aiming: Magic Dart (safe; 1% risk of failure)
Press: ? - help, Shift-Dir - straight line, f/p - phantom
Aim: a phantom (lightly damaged, ally target, 100% to hit)
The magic dart hits the orc priest.
The orc priest is lightly wounded.
The orc priest casts a cantrip, but nothing happens.
Your rat zombie misses the orc priest.
Casting: Magic Dart (safe; 1% risk of failure)
Confirm with . or Enter, or press ? or * to list all spells.
Aiming: Magic Dart (safe; 1% risk of failure)
Press: ? - help, Shift-Dir - straight line, f - orc priest, p - phantom
Aim: an orc priest, wielding a +0 club and wearing a +0 ring mail (lightly wounded, 100% to hit)
The magic dart hits the orc priest.
The orc priest is heavily wounded.
The orc priest begins to cast a cantrip, but forgets the words!
Casting: Magic Dart (safe; 1% risk of failure)
Confirm with . or Enter, or press ? or * to list all spells.
Aiming: Magic Dart (safe; 1% risk of failure)
Press: ? - help, Shift-Dir - straight line, f/p - orc priest
Aim: an orc priest, wielding a +0 club and wearing a +0 ring mail (heavily wounded, 100% to hit)
The magic dart hits the orc priest!
The orc priest is almost dead.
Your rat zombie bites the orc priest but does no damage.
The orc priest mumbles some strange prayers to Beogh against you.
Beogh smites you!
* * * LOW HITPOINT WARNING * * *
Your +1 short sword of venom stops dripping with poison.
You hear the crackle of electricity.
e - a +2 dagger of electrocution (weapon)
The orc priest misses you.
You hit the orc priest but do no damage.
You claw the orc priest, but do no damage.
The orc priest is almost dead.
The orc priest mumbles some strange prayers to Beogh against you.
Beogh smites you!
You die...
Your body rises from the dead as a mindless zombie.

###### ##.)>).
############..)###
#...ZZ.........#
#.##########...#
#@# ##### #o# #W#
#o# #.# #Z# #)#
... #....


You could see a phantom (ally target), 2 orc priests and a friendly rat zombie.

Vanquished Creatures
  Sigmund (D:2)
  2 orc priests (D:3)
  2 adders
  2 dart slugs (D:1)
  5 orcs (D:3)
  3 bats
  4 endoplasms
  4 goblins
  2 hobgoblins (D:2)
  7 kobolds
  2 quokkas
  6 ball pythons
  A ball python zombie (D:2)
  3 frilled lizards
  6 rats
50 creatures vanquished.

Vanquished Creatures (collateral kills)
  Robin (D:2)
  An endoplasm (D:2)
2 creatures vanquished.

Vanquished Creatures (others)
  4 orc zombies (D:3)
  A bat zombie (D:3)
  A hobgoblin zombie (D:2)
  A ball python zombie (D:2)
  A frilled lizard zombie (D:3)
  A spectral endoplasm (D:2)
9 creatures vanquished.

Grand Total: 61 creatures vanquished

Notes
Turn   | Place    | Note
-------+----------+-------------------------------------------
     0 | D:1      | Sabo the Tengu Conjurer began the quest for the Orb.
     0 | D:1      | Reached XP level 1. HP: 10/10 MP: 4/4
   337 | D:1      | Reached XP level 2. HP: 15/15 MP: 4/6
   563 | D:1      | Reached skill level 6 in Conjurations
   940 | D:1      | Reached XP level 3. HP: 19/19 MP: 3/7
  1190 | D:2      | Found a faded altar of an unknown god.
  1285 | D:2      | Prayed at the altar of an unknown god.
  1285 | D:2      | Became a worshipper of Yredelemnul the Dark
  1285 | D:2      | Reached * piety under Yredelemnul
  1635 | D:2      | Noticed Sigmund
  1652 | D:2      | Killed Sigmund
  1653 | D:2      | Reached skill level 7 in Conjurations
  1653 | D:2      | Reached XP level 4. HP: 10/24 MP: 1/9
  1653 | D:2      | Gained mutation: Your magical nature lets you fly swiftly
                  | and evasively. [Tengu growth]
  1653 | D:2      | Reached XP level 5. HP: 11/28 MP: 1/10
  2013 | D:2      | Noticed Robin
  2019 | D:2      | Reached ** piety under Yredelemnul
  2020 | D:2      | Killed Robin
  2021 | D:2      | Reached skill level 8 in Conjurations
  2028 | D:2      | Your ally Robin died
  2455 | D:3      | Found a hazy altar of Hepliaklqana.
  2610 | D:3      | Reached XP level 6. HP: 25/32 MP: 9/11
  2817 | D:3      | Found a glowing golden altar of the Shining One.
  3172 | D:3      | Killed from afar by an orc priest

Illustrated notes

Levels and vault maps discovered:
D:1:      minmay_arrival_five_plusses, layout_loops_ring, solitary_fountain,
          minmay_misc_feat_diagonals
D:2:      layout_basic, ebering_ecumenical_altar_mist, uniq_robin, uniq_sigmund
D:3:      layout_loops_ring, nicolae_tso_swordbearing_angel,
          mainiacjoe_overflow_tiny_flanked

Skill      XL: |  1  2  3  4  5 |
---------------+----------------+-----
Conjurations   | 6 7 8 |  8.3
Spellcasting   | 3 |  3.2
Fighting       | |  0.1
Short Blades   | |  0.7
Dodging        | |  2.8
Stealth        | |  2.5

Action                   |  1- 3 |  4- 6 || total
-------------------------+-------+-------++-------
Melee: Dagger            |     7 |     1 ||     8
       Kick              |     3 |     8 ||    11
       Short sword       |     2 |    28 ||    30
       Peck              |       |     5 ||     5
 Cast: Magic Dart        |    55 |    28 ||    83
  Use: Scroll            |       |     1 ||     1
       Potion            |       |     3 ||     3
Armor: Robe              |     4 |     2 ||     6
Dodge: Dodged            |    13 |    21 ||    34

Table legend: (Time is in decaauts)
 A = Elapsed time spent in this place.
 B = Non-inter-level travel time spent in this place.
 C = Inter-level travel time spent in this place.
 D = Time resting spent in this place.
 E = Time spent auto-exploring this place.
 F = Levels seen in this place.
 G = Mean time per level.
                   A        B        C        D        E       F      G
               +--------+--------+--------+--------+--------+-----+--------+
         Total |   3085 |   3085 |      0 |   1115 |      0 |   3 | 1028.3 |
       Dungeon |   3085 |   3085 |      0 |   1115 |      0 |   3 | 1028.3 |
               +--------+--------+--------+--------+--------+-----+--------+

Top non-repeatable levels by time:
     D:2: 1284 daAuts
     D:1: 1095 daAuts
     D:3: 705 daAuts
